General information
			
			
        
        - name: BNet
 
        - type: Ladder team game (AT/RT)
 
        - host: Battle.net
 
        - saver: calpants
 
        
map: TwistedMeadows 
        - players: 4
 
        - length: 09:59
 
        - speed: Fast
 - version: 1.22 W3XP
 - replay type:  Public
 
» download(54 KB)
Players
        team 1 (winner) 
              
              
bladestream (
yellow | 98 APM | 977 actions | 09:59)
              
 3 Dark Ranger 
 2 Black Arrow
 1 Silence
 
                » actions 
                
                | Assign group hotkey | 16 |  | 
| Basic commands | 79 |  | 
| Build / train | 14 |  | 
| ESC pressed | 1 |  | 
| Enter build submenu | 13 |  | 
| Enter hero's abilities submenu | 4 |  | 
| Give item / drop item | 2 |  | 
| Right click | 545 |  | 
| Select / deselect | 160 |  | 
| Select group hotkey | 127 |  | 
| Use ability | 16 |  | 
                977 total
 » units 
                » buildings
                
                | Altar of Storms | 1 |  | 
| Orc Burrow | 4 |  | 
| Barracks | 2 |  | 
| War Mill | 1 |  | 
                8 total
 » build order
                00:07 Altar of Storms
00:16 Orc Burrow
00:36 Barracks
01:10 Orc Burrow
01:19 Orc Burrow
03:20 Barracks
04:46 War Mill
05:51 Orc Burrow
» items
                
                | Potion of Healing | 1 |  | 
| Potion of Mana | 1 |  | 
                2 total
  
               
              
              
bruce.Z (
orange | 70 APM | 702 actions | 09:59)
              
 1 Demon Hunter 
 1 Mana Burn
 
                » actions 
                
                | Assign group hotkey | 50 |  | 
| Basic commands | 53 |  | 
| Build / train | 45 |  | 
| ESC pressed | 2 |  | 
| Enter build submenu | 20 |  | 
| Enter hero's abilities submenu | 1 |  | 
| Remove unit from queue | 1 |  | 
| Right click | 210 |  | 
| Select / deselect | 125 |  | 
| Select group hotkey | 163 |  | 
| Use ability | 32 |  | 
                702 total
 » units 
                
                | Wisp | 22 |  | 
| Archer | 1 |  | 
| Glaive Thrower | 3 |  | 
| Dryad | 1 |  | 
                27 total
 » upgrades
                
                | Ultravision | 1 |  | 
| Strength of the Moon | 1 |  | 
| Abolish Magic | 1 |  | 
                3 total
 » buildings
                
                | Altar of Elders | 1 |  | 
| Moon Well | 4 |  | 
| Ancient of War | 4 |  | 
| Hunter's Hall | 1 |  | 
| Ancient of Wonders | 1 |  | 
| Tree of Ages | 2 |  | 
| Ancient of Lore | 2 |  | 
| Tree of Eternity | 1 |  | 
                16 total
 » build order
                00:05 Altar of Elders
00:21 Moon Well
01:39 Ancient of War
02:07 Ancient of War
02:49 Ancient of War
02:51 Ancient of War
02:53 Moon Well
03:31 Moon Well
04:20 Hunter's Hall
05:17 Ancient of Wonders
05:25 Tree of Ages
05:25 Tree of Ages
06:50 Moon Well
07:53 Ancient of Lore
07:54 Ancient of Lore
09:23 Tree of Eternity
» items
                 
               team 2 (loser) 
              
              
calpants (
red | 122 APM | 1219 actions | 09:59)
              
 2 Archmage 
 1 Summon Water Elemental
 1 Brilliance Aura
 
                » actions 
                
                | Assign group hotkey | 9 |  | 
| Basic commands | 140 |  | 
| Build / train | 35 |  | 
| Enter build submenu | 26 |  | 
| Enter hero's abilities submenu | 2 |  | 
| Remove unit from queue | 2 |  | 
| Right click | 653 |  | 
| Select / deselect | 213 |  | 
| Select group hotkey | 72 |  | 
| Use ability | 67 |  | 
                1219 total
 » units 
                
                | Peasant | 12 |  | 
| Goblin Shredder | 1 |  | 
| Goblin Zeppelin | 1 |  | 
| Forest Troll Berserker | 1 |  | 
| Mud Golem | 1 |  | 
| Forest Troll Shadow Priest | 2 |  | 
                18 total
 » buildings
                
                | Lumber Mill | 1 |  | 
| Scout Tower | 8 |  | 
| Arcane Tower | 2 |  | 
| Guard Tower | 8 |  | 
| Altar of Kings | 1 |  | 
| Farm | 5 |  | 
| Keep | 1 |  | 
| Arcane Vault | 1 |  | 
| Arcane Sanctum | 2 |  | 
| Gryphon Aviary | 1 |  | 
                30 total
 » build order
                00:34 Lumber Mill
01:04 Scout Tower
01:05 Scout Tower
01:06 Scout Tower
01:08 Scout Tower
01:11 Scout Tower
01:32 Arcane Tower
01:37 Guard Tower
01:37 Guard Tower
01:38 Guard Tower
01:49 Guard Tower
01:58 Guard Tower
01:58 Guard Tower
02:37 Altar of Kings
02:39 Farm
02:47 Scout Tower
02:52 Scout Tower
03:15 Arcane Tower
03:57 Farm
04:06 Guard Tower
05:54 Scout Tower
06:11 Keep
07:13 Farm
07:54 Farm
07:59 Arcane Vault
08:15 Farm
09:39 Arcane Sanctum
09:40 Arcane Sanctum
09:43 Gryphon Aviary
 
               
              
              
Computer(Elite) (
blue | 56 APM | 561 actions | 09:59)
              
 3 Blademaster 
 1 Wind Walk
 2 Critical Strike
 
                » actions 
                
                | Assign group hotkey | 9 |  | 
| Basic commands | 3 |  | 
| Build / train | 28 |  | 
| ESC pressed | 2 |  | 
| Enter build submenu | 12 |  | 
| Enter hero's abilities submenu | 3 |  | 
| Right click | 311 |  | 
| Select / deselect | 115 |  | 
| Select group hotkey | 53 |  | 
| Use ability | 25 |  | 
                561 total
 » units 
                » buildings
                
                | Altar of Storms | 1 |  | 
| Orc Burrow | 4 |  | 
| Barracks | 1 |  | 
| Voodoo Lounge | 1 |  | 
| Stronghold | 1 |  | 
| War Mill | 1 |  | 
| Beastiary | 2 |  | 
                11 total
 » build order
                00:12 Altar of Storms
00:15 Orc Burrow
02:28 Barracks
03:13 Orc Burrow
03:52 Voodoo Lounge
05:54 Stronghold
05:56 War Mill
06:22 Orc Burrow
07:35 Orc Burrow
08:21 Beastiary
09:45 Beastiary
» items
                
                | Boots of Speed | 1 |  | 
| Circlet of Nobility | 1 |  | 
| Potion of Lesser Invulnerability | 1 |  | 
| Scroll of Healing | 1 |  | 
| Healing Salve | 1 |  | 
| Lesser Clarity Potion | 1 |  | 
| Scroll of Speed | 1 |  | 
                7 total
  
                Chat log
          
(09:59 / All) calpants: WOW